 Dungeon Sprint DCSS version 0.23.2-33-g5129a83184 (webtiles) character file.

Game seed: 9559627728575355358

685 senseless the Carver (level 7, -8/70 HPs)
             Began as a Minotaur Gladiator on July 3, 2019.
             Was the Champion of Cheibriados.
             Mangled by a large slime creature (22 damage)
             ... in the Dungeon (Sprint VII: "The Pits").
             The game lasted 00:05:27 (644 turns).

senseless the Carver (Minotaur Gladiator)            Turns: 644, Time: 00:05:27

Health: -8/70      AC: 11    Str: 33    XL:     7   Next: 35%
Magic:  6/6        EV: 20    Int: 20    God:    Cheibriados [******]
Gold:   0          SH:  0    Dex: 29    Spells: 6/6 levels left

rFire    . . .     SeeInvis .   m - +2 falchion
rCold    . . .     Gourm    .   (no shield)
rNeg     . . .     Faith    .   r - +3 scale mail
rPois    .         Spirit   .   c - +0 hat
rElec    .         Reflect  .   (no cloak)
rCorr    .         Harm     .   (no gloves)
MR       .....     NoTele   +   (no boots)
Stlth    +.........             (no amulet)
HPRegen  0.21/turn              (no ring)
MPRegen  0.10/turn              (no ring)

@: very slow
A: retaliatory headbutt, horns 2
a: Bend Time, Temporal Distortion, Slouch, Step From Time, Renounce Religion


You were in the Dungeon.
You worshipped Cheibriados.
Cheibriados was exalted by your worship.
You were not hungry.

You visited 1 branch

Inventory:

Hand Weapons
 a - a +0 long sword
 m - a +2 falchion (weapon)
 s - a +1 long sword of holy wrath
Missiles
 d - 3 throwing nets (quivered)
Armour
 b - a +0 leather armour
 c - a +0 hat (worn)
 r - a +3 scale mail (worn)
Scrolls
 k - a scroll of blinking
 o - 3 scrolls of remove curse
 p - 5 scrolls of amnesia
 q - a scroll of summoning
Potions
 e - 6 potions of curing
 g - 6 potions of heal wounds
 h - a potion of haste
 i - 4 potions of magic
 j - 3 potions of berserk rage
 n - 2 potions of invisibility
Comestibles
 f - 9 rations


   Skills:
 + Level 9.1 Fighting
 * Level 12.5 Long Blades
 - Level 2.0 Throwing
 + Level 7.9 Armour
 + Level 8.7 Dodging


You had 6 spell levels left.
You didn't know any spells.
Your spell library was empty.

Dungeon Overview and Level Annotations

Branches:
Dungeon (1/1)

Altars:
Ashenzari
Cheibriados
Dithmenos
Elyvilon
Fedhas
Gozag
Hepliaklqana
Kikubaaqudgha
Makhleb
Nemelex Xobeh
Okawaru
Qazlal
Ru
Sif Muna
Trog
Uskayaw
Vehumet
Wu Jian
Xom
Yredelemnul
Zin
The Shining One
Beogh
Jiyva
Lugonu


Innate Abilities, Weirdness & Mutations

You reflexively headbutt those who attack you in melee.
You have a pair of horns on your head.


Message History

The slime creature hits you.
You hit the slime creature.
The slime creature is heavily wounded.
The large slime creature hits you but does no damage.
Unknown command.
You slash the large slime creature!
Your headbutt misses the large slime creature.
The large slime creature is almost dead.
The large slime creature barely misses you.
The slime creature misses you. You furiously retaliate!
You headbutt the slime creature, but do no damage.
You riposte.
Your scale mail prevents you from hitting the slime creature.
The slime creature is heavily wounded.
You slash the large slime creature!
The large slime creature is almost dead.
The large slime creature hits you!
* * * LOW HITPOINT WARNING * * *
The large slime creature hits you!!
You die...

#.#..########...<...#
#.#..'.)).[##.......#
#)#..#.))).##.......#
#(###########.......#
#))#.#.## #########
#.......# #####
##.#.#.## ....#
#.......#+#J...#
##.#.#.##.@Jr..+
#.......#'#J...#
##.#.#..'.#....#
###############


You could see 2 large slime creatures, a slime creature and a rat.

Vanquished Creatures
  A hornet (D)
  A soldier ant (D)
  A phantom (D)
  A wolf (D)
  A centaur (D)
  A gnoll sergeant (D)
  3 gnolls (D)
  An adder (D)
  A river rat (D)
  A white imp (D)
  A leopard gecko (D)
  5 orcs (D)
  2 ball pythons (D)
  A bat skeleton (D)
  2 goblins (D)
  A quokka (D)
  A frilled lizard (D)
25 creatures vanquished.

Notes
Turn   | Place    | Note
-------+----------+-------------------------------------------
     0 | D        | senseless the Minotaur Gladiator began the quest for the
                  | Orb.
     0 | D        | Reached XP level 1. HP: 18/18 MP: 0/0
    13 | D        | Reached skill level 4 in Long Blades
    29 | D        | Found a glowing golden altar of the Shining One.
    29 | D        | Found a glowing silver altar of Zin.
    29 | D        | Found a basalt altar of Yredelemnul.
    29 | D        | Found a shimmering altar of Xom.
    29 | D        | Found an ornate altar of the Wu Jian Council.
    29 | D        | Found a bloodstained altar of Trog.
    29 | D        | Found a deep blue altar of Sif Muna.
    29 | D        | Found a sacrificial altar of Ru.
    29 | D        | Found a stormy altar of Qazlal.
    29 | D        | Found an iron altar of Okawaru.
    29 | D        | Found a sparkling altar of Nemelex Xobeh.
    29 | D        | Found a burning altar of Makhleb.
    29 | D        | Found a viscous altar of Jiyva.
    29 | D        | Found a hazy altar of Hepliaklqana.
    29 | D        | Found an opulent altar of Gozag.
    29 | D        | Found a blossoming altar of Fedhas.
    29 | D        | Found a white marble altar of Elyvilon.
    29 | D        | Found a shadowy altar of Dithmenos.
    29 | D        | Found a snail-covered altar of Cheibriados.
    30 | D        | Found a radiant altar of Vehumet.
    30 | D        | Found a corrupted altar of Lugonu.
    30 | D        | Found a roughly hewn altar of Beogh.
    31 | D        | Found a hide-covered altar of Uskayaw.
    31 | D        | Found an ancient bone altar of Kikubaaqudgha.
    31 | D        | Found a shattered altar of Ashenzari.
    37 | D        | Became a worshipper of Cheibriados the Contemplative
   100 | D        | Reached * piety under Cheibriados
   104 | D        | Reached ** piety under Cheibriados
   104 | D        | Reached skill level 5 in Long Blades
   104 | D        | Reached XP level 2. HP: 16/27 MP: 1/1
   274 | D        | Reached *** piety under Cheibriados
   275 | D        | Reached skill level 6 in Long Blades
   277 | D        | Reached **** piety under Cheibriados
   345 | D        | Noticed a centaur
   345 | D        | Noticed a phantom
   348 | D        | Noticed a gnoll sergeant
   350 | D        | Reached XP level 3. HP: 33/33 MP: 2/2
   351 | D        | Reached skill level 1 in Armour
   353 | D        | Killed a centaur
   353 | D        | Reached skill level 5 in Fighting
   353 | D        | Reached skill level 8 in Long Blades
   353 | D        | Reached skill level 5 in Dodging
   353 | D        | Reached XP level 4. HP: 42/44 MP: 3/3
   356 | D        | Reached ***** piety under Cheibriados
   358 | D        | Killed a phantom
   358 | D        | Reached skill level 9 in Long Blades
   358 | D        | Reached skill level 5 in Armour
   358 | D        | Reached XP level 5. HP: 48/51 MP: 4/4
   364 | D        | Reached skill level 10 in Long Blades
   364 | D        | Reached XP level 6. HP: 55/60 MP: 5/5
   372 | D        | Reached ****** piety under Cheibriados
   589 | D        | Reached skill level 11 in Long Blades
   591 | D        | Noticed a hornet
   595 | D        | Killed a hornet
   595 | D        | Reached skill level 12 in Long Blades
   595 | D        | Reached XP level 7. HP: 61/69 MP: 6/6
   633 | D        | Noticed a slime creature
   633 | D        | Noticed a slime creature
   634 | D        | Noticed a slime creature
   634 | D        | Noticed a slime creature
   634 | D        | Noticed a slime creature
   644 | D        | Mangled by a large slime creature

Skill      XL: |  1  2  3  4  5  6  7 |
---------------+----------------------+-----
Long Blades    | 5 6 8 9 10 12 | 12.5
Fighting       | 3 4 5 6 7 8 9 |  9.1
Dodging        | 4 5 6 7 8 |  8.7
Armour         | 3 5 7 |  7.9
Throwing       | |  2.0

Action                   |  1- 3 |  4- 6 |  7- 9 || total
-------------------------+-------+-------+-------++-------
Melee: Falchion          |    17 |    19 |    10 ||    46
       Long sword        |     4 |       |       ||     4
       Headbutt          |     6 |    11 |     6 ||    23
Armor: Leather armour    |     9 |       |       ||     9
       Scale mail        |     2 |     4 |     1 ||     7
Dodge: Dodged            |    22 |    21 |    11 ||    54
       Rpst.: Falchion   |     4 |     6 |     4 ||    14
